 Dungeon Crawl Stone Soup version 0.26-a0-712-ga5a9c9c9d0 (webtiles) character file.

Game seed: 13577315303571623167

(classic levelgen) 8411 EnegeticOcto the Cleaver (level 11, -2/99 HPs)
             Began as a Deep Dwarf Fighter on Nov 4, 2020.
             Was a Priest of Makhleb.
             Slain by a 16-headed hydra (8 damage)
             ... on level 11 of the Dungeon.
             The game lasted 00:03:47 (4892 turns).

EnegeticOcto the Cleaver (Deep Dwarf Fighter)       Turns: 4892, Time: 00:03:48

Health: -2/99      AC: 26    Str: 23    XL:     11   Next: 9%
Magic:  10/10      EV:  5    Int:  9    God:    Makhleb [***...]
Gold:   300        SH: 11    Dex: 12    Spells: 10/10 levels left

rFire    . . .     SeeInvis .   p - +2 hand axe (elec)
rCold    . . .     Faith    +   c - +0 kite shield
rNeg     . . .     Spirit   .   i - +0 plate armour
rPois    .         Reflect  .   h - +2 helmet
rElec    .         Harm     .   f - +0 cloak
rCorr    .         Rampage  .   (no gloves)
MR       +....                  (no boots)
Stlth    ..........             r - amulet of faith
HPRegen  0.00/turn              B - +4 ring of protection
MPRegen  0.12/turn              y - +4 ring of protection

@: non-regenerating
A: damage resistance, heal wounds, sense surroundings 2, no regeneration
a: Heal Wounds, Minor Destruction, Lesser Servant of Makhleb, Renounce Religion


You were on level 11 of the Dungeon.
You worshipped Makhleb.
Makhleb was most pleased with you.
You visited 2 branches of the dungeon, and saw 12 of its levels.

You collected 408 gold pieces.
You spent 108 gold pieces at shops.

Inventory:

Hand Weapons
 a - a +0 war axe
 p - a +2 hand axe of electrocution (weapon)
Armour
 c - a +0 kite shield (worn)
 f - a +0 cloak (worn)
 h - a +2 helmet (worn)
 i - a +0 plate armour (worn)
Jewellery
 r - an amulet of faith (around neck)
 s - a +6 ring of dexterity
 y - a +4 ring of protection (right hand)
 B - a +4 ring of protection (left hand)
Wands
 e - a wand of paralysis (10)
 o - a wand of polymorph (9)
 q - a wand of iceblast (5) {@v2}
 w - a wand of digging (5) {@v3}
Scrolls
 b - 6 scrolls of identify {@r1}
 g - 4 scrolls of remove curse {@r2}
 l - 2 scrolls of magic mapping {@r5}
 m - 10 scrolls of teleportation {@r3}
 u - a scroll of fear
 A - a scroll of immolation {@r4}
Potions
 d - 2 potions of might {@q3}
 j - 2 potions of ambrosia {unknown}
 k - a potion of invisibility
 n - 3 potions of curing {@q1}
 t - 2 potions of heal wounds {@q2}
 v - a potion of magic
 x - a potion of resistance {unknown}
 z - a potion of mutation


   Skills:
 + Level 6.7 Fighting
 * Level 10.7 Axes
 + Level 8.3 Armour
 + Level 8.2 Shields
 * Level 10.5 Invocations


You had 10 spell levels left.
You didn't know any spells.
Your spell library was empty.

Dungeon Overview and Level Annotations

Branches:
Dungeon (11/15)            Temple (1/1) D:5             Orc (0/2) D:9
   Lair: D:8-11

Altars:
Cheibriados
Dithmenos
Fedhas
Gozag
Hepliaklqana
Kikubaaqudgha
Makhleb
Qazlal
Ru
Trog
Uskayaw
Wu Jian
Yredelemnul

Shops:
D:9 *


Innate Abilities, Weirdness & Mutations

You are resistant to damage.
You can heal yourself by infusing magical energy.
You passively map the area around you.
You do not regenerate.


Message History

You lop one of the 14-headed hydra's heads off!
The 13-headed hydra grows two more!
You hit the 15-headed hydra.
The 15-headed hydra is severely wounded.
You block the 15-headed hydra's attack. x2; The 15-headed hydra bites you!
The 15-headed hydra barely misses you. The 15-headed hydra bites you.
The 15-headed hydra barely misses you.
The 15-headed hydra bites you but does no damage.
The 15-headed hydra bites you. x2; You block the 15-headed hydra's attack.
The 15-headed hydra bites you. x2; You block the 15-headed hydra's attack.
The 15-headed hydra bites you but does no damage. x2
You barely miss the 15-headed hydra.
The 15-headed hydra is severely wounded.
Your ufetubus hits the 15-headed hydra.
Your ufetubus barely misses the 15-headed hydra.
The 15-headed hydra bites you! The 15-headed hydra barely misses you.
The 15-headed hydra bites you but does no damage.
You block the 15-headed hydra's attack. The 15-headed hydra bites you! x2
You block the 15-headed hydra's attack. x2; The 15-headed hydra bites you.
The 15-headed hydra bites you but does no damage.
The 15-headed hydra bites you. You block the 15-headed hydra's attack.
The 15-headed hydra bites you but does no damage. x3
Your shield prevents you from hitting the 15-headed hydra.
The 15-headed hydra is severely wounded.
Your ufetubus barely misses the 15-headed hydra.
Your ufetubus completely misses the 15-headed hydra.
Your ufetubus barely misses the 15-headed hydra.
Your ufetubus hits the 15-headed hydra. You barely miss the 15-headed hydra.
The 15-headed hydra is severely wounded.
The 15-headed hydra bites you but does no damage.
You block the 15-headed hydra's attack. x2
The 15-headed hydra bites you but does no damage. x2
You block the 15-headed hydra's attack.
The 15-headed hydra bites you but does no damage.
The 15-headed hydra barely misses you. x2
The 15-headed hydra bites you but does no damage. x2
The 15-headed hydra barely misses you.
The 15-headed hydra bites you but does no damage. x3
Your ufetubus hits the 15-headed hydra.
Your ufetubus barely misses the 15-headed hydra.
Your ufetubus hits the 15-headed hydra. x2
You lop one of the 15-headed hydra's heads off!
The 14-headed hydra grows two more!
You slash the 16-headed hydra!
The 16-headed hydra is almost dead.
Your ufetubus closely misses the 16-headed hydra.
Your ufetubus barely misses the 16-headed hydra.
The 16-headed hydra bites you but does no damage. x2
You block the 16-headed hydra's attack. The 16-headed hydra barely misses you.
The 16-headed hydra bites you.
The 16-headed hydra bites you but does no damage.
The 16-headed hydra bites you. x2
The 16-headed hydra bites you but does no damage.
You block the 16-headed hydra's attack. The 16-headed hydra barely misses you.
The 16-headed hydra bites you but does no damage. x2
The 16-headed hydra barely misses you.
The 16-headed hydra bites you but does no damage.
The 16-headed hydra bites you!
* * * LOW HITPOINT WARNING * * *
Your ufetubus hits the 16-headed hydra. x2
You are too injured to fight recklessly!
You are too injured to fight recklessly!
You are too injured to fight recklessly!
You are too injured to fight recklessly!
You are too injured to fight recklessly!
Your magical essence is drained by the effort!
You feel much better.
Your ufetubus hits the 16-headed hydra. x3
Your ufetubus barely misses the 16-headed hydra.
The 16-headed hydra bites your ufetubus!
Your ufetubus dies!
The 16-headed hydra bites your ufetubus but does no damage.
The 16-headed hydra bites your ufetubus!
Your ufetubus dies!
The 16-headed hydra bites your ynoxinul!
The 16-headed hydra closely misses your ynoxinul.
The 16-headed hydra bites your ynoxinul! x2
Your ynoxinul dies!
Your ufetubus disappears in a puff of smoke!
You block the 16-headed hydra's attack. The 16-headed hydra bites you!
The 16-headed hydra barely misses you.
The 16-headed hydra bites you but does no damage. x5
The 16-headed hydra bites you!
A demon appears!
You can no longer hurl Makhleb's greater destruction.
You block the 16-headed hydra's attack. The 16-headed hydra bites you!
* * * LOW HITPOINT WARNING * * *
The 16-headed hydra bites you but does no damage.
You block the 16-headed hydra's attack.
The 16-headed hydra bites you but does no damage.
The 16-headed hydra bites you!
* * * LOW HITPOINT WARNING * * *
The 16-headed hydra bites you but does no damage.
The 16-headed hydra bites you!
* * * LOW HITPOINT WARNING * * *
The 16-headed hydra bites you.
* * * LOW HITPOINT WARNING * * *
The 16-headed hydra bites you but does no damage.
The 16-headed hydra bites you.
The 16-headed hydra bites you but does no damage. x2
The 16-headed hydra bites you!
You die...

,, , , , ,, ,, *
,,........... ,
............, *
,, ............
** ,,
.........#.. * ,,
.........#.# ** *
, ,......3..#.# ,
......D†.#.#,# ,
, .......@.#.#.#,
,.........#<..#,
, *
...........###,*
*.#######$......#
, * * #########
** ,, , , , * * *
* * * * , * ,


You could see a 16-headed hydra and a friendly neqoxec (summoned).

Vanquished Creatures
  2 two-headed ogres
  Prince Ribbit (D:5)
  5 polar bears (D:10)
  Sigmund (D:5)
  A wyvern (D:9)
  9 yaks
  Menkaure (D:5)
  A water moccasin (D:5)
  2 orc warriors
  4 ice beasts
  2 sky beasts
  3 black bears
  2 necrophages (D:10)
  2 centaurs
  2 ogres (D:9)
  A phantom (D:9)
  A wolf (D:10)
  Blork the orc (D:5)
  2 big kobolds
  2 bullfrogs
  A gnoll sergeant (D:10)
  A wyvern skeleton (D:10)
  3 scorpions
  8 killer bees
  4 wights (D:6)
  3 howler monkeys (D:10)
  An electric eel (D:10)
  A bullfrog zombie (D:4)
  A quasit (D:10)
  A jelly (D:10)
  3 hounds
  3 orc priests
  2 centaur skeletons
  Ijyb (D:5)
  A bullfrog skeleton (D:11)
  Jessica (D:2)
  An iguana (D:5)
  3 orc wizards
  7 worker ants
  2 centaur simulacra (D:10)
  Robin (D:2)
  A howler monkey zombie (D:6)
  A killer bee simulacrum (D:10)
  2 worker ant zombies
  12 adders
  9 gnolls
  A shadow imp (D:9)
  3 white imps
  2 worker ant simulacra (D:10)
  2 ufetubi
  2 adder zombies
  3 worms
  2 leopard geckos
  29 orcs
  3 hobgoblins (D:2)
  4 jackals (D:4)
  8 kobolds
  5 quokkas
  A frilled lizard (D:4)
  9 goblins
  2 leopard gecko skeletons
  2 quokka skeletons
  A rat (D:3)
198 creatures vanquished.

Notes
Turn   | Place    | Note
-------+----------+-------------------------------------------
     0 | D:1      | EnegeticOcto the Deep Dwarf Fighter began the quest for the
                  | Orb.
     0 | D:1      | Reached XP level 1. HP: 20/20 MP: 1/1
   101 | D:2      | Noticed Jessica
   104 | D:2      | Noticed Robin
   112 | D:2      | Reached XP level 2. HP: 24/27 MP: 2/2
   120 | D:2      | Killed Jessica
   120 | D:2      | Reached XP level 3. HP: 29/34 MP: 3/3
   134 | D:2      | Killed Robin
   223 | D:3      | Reached XP level 4. HP: 27/42 MP: 3/3
   326 | D:4      | Reached XP level 5. HP: 29/49 MP: 4/4
   396 | D:4      | Reached XP level 6. HP: 30/56 MP: 5/5
   476 | D:4      | Reached skill level 5 in Axes
   615 | D:4      | Found a bloodstained altar of Trog.
   799 | D:5      | Entered Level 5 of the Dungeon
   864 | D:5      | Noticed an ice beast
   873 | D:5      | Killed an ice beast
   879 | D:5      | Reached XP level 7. HP: 27/64 MP: 6/6
   882 | D:5      | Noticed Menkaure
   886 | D:5      | Noticed Blork the orc
   888 | D:5      | Killed Menkaure
   888 | D:5      | Reached skill level 5 in Armour
   888 | D:5      | Reached skill level 5 in Shields
   889 | D:5      | Found a staircase to the Ecumenical Temple.
   895 | D:5      | Killed Blork the orc
   912 | Temple   | Entered the Ecumenical Temple
   925 | Temple   | Became a worshipper of Makhleb the Destroyer
   986 | D:5      | Noticed Sigmund
   994 | D:5      | Killed Sigmund
  1089 | D:5      | Found a basalt altar of Yredelemnul.
  1132 | D:5      | Noticed Prince Ribbit
  1261 | D:5      | Noticed Ijyb
  1270 | D:5      | Killed Ijyb
  1272 | D:5      | Reached XP level 8. HP: 63/73 MP: 8/8
  1694 | D:5      | Killed Prince Ribbit
  1705 | D:5      | Found a hazy altar of Hepliaklqana.
  2246 | D:6      | Reached skill level 5 in Fighting
  2263 | D:6      | Reached skill level 5 in Invocations
  2665 | D:7      | Found a stormy altar of Qazlal.
  2798 | D:7      | Found an ancient bone altar of Kikubaaqudgha.
  2801 | D:7      | Found a blossoming altar of Fedhas.
  3105 | D:8      | Reached * piety under Makhleb
  3105 | D:8      | Gained mutation: You passively map the area around you.
                  | [Deep Dwarf growth]
  3105 | D:8      | Reached XP level 9. HP: 60/81 MP: 10/10
  3106 | D:8      | Found a snail-covered altar of Cheibriados.
  3675 | D:9      | Reached ** piety under Makhleb
  3685 | D:9      | Found a staircase to the Orcish Mines.
  3711 | D:9      | Noticed a two-headed ogre
  3732 | D:9      | Killed a two-headed ogre
  3732 | D:9      | Reached XP level 10. HP: 46/91 MP: 10/12
  3787 | D:9      | Found Jiulemel's Assorted Antiques.
  3795 | D:9      | Bought a scroll labeled XOEQOH XUROOXI for 36 gold pieces
  3795 | D:9      | Bought a scroll labeled DYORIEX IRIU for 36 gold pieces
  3795 | D:9      | Bought a scroll labeled DYORIEX IRIU for 36 gold pieces
  4101 | D:9      | Found an opulent altar of Gozag.
  4147 | D:10     | Entered Level 10 of the Dungeon
  4172 | D:10     | Reached *** piety under Makhleb
  4230 | D:10     | Noticed a two-headed ogre
  4239 | D:10     | Killed a two-headed ogre
  4239 | D:10     | Reached skill level 10 in Axes
  4415 | D:10     | Reached skill level 10 in Invocations
  4454 | D:10     | Reached XP level 11. HP: 78/99 MP: 14/14
  4570 | D:10     | Reached **** piety under Makhleb
  4867 | D:11     | Noticed an eight-headed hydra
  4892 | D:11     | Slain by a 16-headed hydra

Illustrated notes

Levels and vault maps discovered:
D:1:      co_arrival_square_in_a_square_in_a_square, layout_loops_cross,
          chequers_jeans
D:2:      layout_basic, old_standard_altar, kennysheep_minor_cross, uniq_robin,
          uniq_jessica
D:3:      layout_rooms, tso_oasis_becter, okawaru_ov_weapons_minmay,
          dk_noncrumbling_4, chequers_serial_rivers_small_b
D:4:      layout_rooms, nicolae_overflow_hidden_temple, grunt_ministairs_10
D:5:      layout_basic, kennysheep_mini_moat, minmay_temple_entry_glass,
          basic_altar, uniq_blork_the_orc, uniq_sigmund, uniq_prince_ribbit1,
          uniq_ijyb, uniq_menkaure
D:6:      layout_loops_corners
D:7:      layout_rooms, grunt_temple_overflow_growth_and_decay,
          grunt_qazlal_sundering
D:8:      lemuel_upstairs_altar, layout_loops_ring, slow_altar_1
D:9:      layout_rooms, hiddenorc1_lemuel, serial_shops,
          nicolae_shop_waterfront, grunt_gozag_breadcrumbs
D:10:     layout_loops_ring, serial_ice, serial_ice_d, serial_ice_i,
          serial_ice_e, serial_ice_g, serial_ice_a, serial_ice_o, serial_ice_m,
          ebering_dispersal_statue_hall
D:11:     layout_basic, minmay_lair_entry_grove, gauntlet_entry_generic,
          serial_curves, eino_curves_01, eino_curves_04, minmay_nine_imps,
          uniq_grum, uniq_gastronok, uniq_snorg, uniq_harold
Temple:   zaba_magenta_temple

Skill      XL: |  1  2  3  4  5  6  7  8  9 10 |
---------------+-------------------------------+-----
Fighting       | 3 4 5 6 |  6.7
Axes           | 3 4 5 6 7 9 10 | 10.7
Armour         | 4 5 6 7 8 |  8.3
Shields        | 4 5 6 7 8 |  8.2
Invocations    | 2 5 8 10 | 10.5

Action                   |  1- 3 |  4- 6 |  7- 9 | 10-12 || total
-------------------------+-------+-------+-------+-------++-------
Melee: War axe           |    55 |    65 |       |       ||   120
       Hand axe          |       |    57 |   264 |   208 ||   529
       Unarmed           |       |       |     6 |       ||     6
Invok: Lesser Servant of |       |       |       |     3 ||     3
 Abil: Heal Wounds       |     3 |     5 |    11 |    10 ||    29
  Use: Scroll            |       |       |    18 |     2 ||    20
Armor: Scale mail        |    17 |       |       |       ||    17
       Plate armour      |    13 |   104 |   163 |   264 ||   544
Dodge: Dodged            |    15 |    29 |    51 |    70 ||   165
Block: Kite shield       |    36 |   105 |   157 |   197 ||   495

Table legend: (Time is in decaauts)
 A = Elapsed time spent in this place.
 B = Non-inter-level travel time spent in this place.
 C = Inter-level travel time spent in this place.
 D = Time resting spent in this place.
 E = Time spent auto-exploring this place.
 F = Levels seen in this place.
 G = Mean time per level.
                   A        B        C        D        E       F      G
               +--------+--------+--------+--------+--------+-----+--------+
         Total |   4914 |   4736 |    178 |    121 |   3402 |  12 |  409.5 |
       Dungeon |   4896 |   4721 |    175 |    121 |   3395 |  11 |  445.1 |
        Temple |     17 |     14 |      3 |      0 |      7 |   1 |   17.0 |
               +--------+--------+--------+--------+--------+-----+--------+

Top non-repeatable levels by time:
     D:5: 1081 daAuts
     D:6: 721 daAuts
    D:10: 694 daAuts
     D:9: 556 daAuts
     D:8: 534 daAuts
     D:4: 499 daAuts
     D:7: 431 daAuts
     D:2: 142 daAuts
     D:3: 120 daAuts
     D:1: 91 daAuts
    D:11: 23 daAuts
  Temple: 17 daAuts
